 Dungeon Crawl Stone Soup version 0.29-a0-919-gd064cfad1c (webtiles) character file.

Game seed: 1053112631509502309

2356 enile the Ducker (level 9, -2/69 HPs)
             Began as a Merfolk Gladiator on July 27, 2022.
             Was an Elder of Cheibriados.
             Slain by a human
             ... wielding a +1 vorpal hand axe
              (4 damage)
             ... in a bailey.
             The game lasted 00:07:04 (6572 turns).

enile the Ducker (Merfolk Gladiator)                Turns: 6572, Time: 00:07:04

Health: -2/69      AC:  5    Str: 23    XL:     9   Next: 44%
Magic:  10/14      EV: 18    Int: 22    God:    Cheibriados [****..]
Gold:   165        SH:  0    Dex: 26    Spells: 8/8 levels left

rFire   . . .      SeeInvis .   s - +4 falchion
rCold   . . .      Faith    .   (no shield)
rNeg    . . .      Spirit   .   b - +0 leather armour
rPois   .          Reflect  .   j - +1 helmet {Int+3}
rElec   .          Harm     .   I - scarf {shadows}
rCorr   .          Rampage  .   (no gloves)
Will    .....                   (no boots)
Stlth   +++.......              (no amulet)
HPRegen 0.21/turn               (no ring)
MPRegen 0.14/turn               (no ring)

@: very slow
A: (nimble swimmer 2), mertail
a: Renounce Religion, Bend Time, Temporal Distortion, Slouch


You were in a bailey.
You worshipped Cheibriados.
Cheibriados was greatly pleased with you.
You visited 1 branch of the dungeon, and saw 7 of its levels.
You also visited: Bailey.

You collected 345 gold pieces.
You spent 180 gold pieces at shops.

Inventory:

Hand Weapons
 a - a +0 long sword
 e - a +0 scimitar
 l - the +5 spear "Vare Cyaco" {flame, rPois Will+}
   (You found it on level 2 of the Dungeon)

   It burns those it strikes, dealing additional fire damage.
   rPois:     It protects you from poison.
   Will:      It increases your willpower.
 s - a +4 falchion (weapon)
 v - a +1 hand axe of freezing
Missiles
 k - 13 atropa-tipped darts (quivered)
 p - 3 javelins
 x - 2 boomerangs of dispersal
 F - a curare-tipped dart
Armour
 b - a +0 leather armour (worn)
 c - a +0 helmet
 j - a +1 helmet of intelligence (worn)
 D - a +2 cloak
 I - a scarf of shadows (worn)
Jewellery
 E - the ring "Toupsoo" {Will- Str+9 Int+6}
   (You found it on level 6 of the Dungeon)

   [ring of intelligence]

   Str:       It affects your strength (+9).
   Int:       It affects your intelligence (+6).
   Will:      It decreases your willpower.
Wands
 y - a wand of mindburst (6)
 z - a wand of paralysis (10)
 B - a wand of roots (3)
 H - a wand of flame (9)
Scrolls
 i - 4 scrolls of teleportation
 n - a scroll of vulnerability
 q - a scroll of poison {unknown}
 r - a scroll of immolation
 t - a scroll of enchant armour {unknown}
 u - a scroll of blinking
 A - a scroll of butterflies {unknown}
Potions
 f - 3 potions of curing
 g - 2 potions of might
 h - 2 potions of brilliance {unknown}
 m - 5 potions of resistance {unknown}
 o - 2 potions of flight {unknown}
 w - 3 potions of invisibility
 C - a potion of lignification {unknown}
 G - a potion of degeneration {unknown}


   Skills:
 + Level 6.2 Fighting
 - Level 6.0 Long Blades
 - Level 5.0 Throwing
 - Level 7.0 Dodging
 - Level 3.0 Stealth
 - Level 7.0 Invocations
 - Level 4.0 Evocations


You had 8 spell levels left.
You didn't know any spells.
Your spell library contained the following spells:

 Spells                   Type           Power      Damage    Failure   Level
 Summon Small Mammal      Summ           0%         N/A       19%         1
 Call Canine Familiar     Summ           0%         N/A       50%         3
 Gell's Gravitas          Tloc           0%         N/A       50%         3
 Summon Guardian Golem    Hex/Summ       0%         N/A       50%         3
 Teleport Other           Tloc           0%         N/A       50%         3
 Leda's Liquefaction      Hex/Erth       0%         N/A       88%         4
 Lee's Rapid Deconstruct  Erth           0%         3d5*      99%         5
 Dispersal                Tloc           0%         N/A       100%        6
 Statue Form              Tmut/Erth      0%         N/A       100%        6


Dungeon Overview and Level Annotations

Branches:
Dungeon (7/15)             Temple (0/1) D:5          Bailey (1/1)

Altars:
Cheibriados
Dithmenos
Kikubaaqudgha
Xom

Shops:
D:5 !

Annotations:
D:4 2 runed translucent doors, zeratav's ghost, amateur OpVM


Innate Abilities, Weirdness & Mutations

((You are very nimble when in or above water. (Stealth+, EV+, Speed+++)))
Your lower body shifts to a powerful aquatic tail in water.


Message History

The human is almost dead.
The human hits you with a +0 war axe. The human completely misses you.
You hit the human.
You kill the human!
Cheibriados appreciates the change of pace.
Throw: throwing net
Press: ? - help, Q - select action, (/) - cycle Shift-Dir - straight line, f - human
Aim: a human, wielding a +0 war axe and wearing a +0 scale mail (heavily wounded, 63% to hit)
You throw a throwing net. The throwing net hits the human.
The human is caught in the net!
The human is heavily wounded.
You slash the human!
The human is severely wounded.
The human struggles against the net.
You hit the human.
The human is almost dead.
The human barely misses you.
The human struggles against the net.
You hit the human.
The human is almost dead.
The human misses you.
The human struggles against the net.
You hit the human but do no damage.
The human is almost dead.
The human completely misses you.
The human struggles against the net.
You slash the human!
You kill the human!
Cheibriados appreciates the change of pace.
The human misses you.
Your Fighting skill increases to level 6!
You barely miss the human.
The human is severely wounded.
The human hits you with a +1 vorpal hand axe.
You slash the human!
The human is almost dead.
The human hits you with a +1 vorpal hand axe!
* * * LOW HITPOINT WARNING * * *
x2 You hit the human but do no damage.
The human is almost dead.
The human hits you with a +1 vorpal hand axe!
* * * LOW HITPOINT WARNING * * *
You die...

#####
##≈≈≈##
#≈≈≈≈≈#
#####≈≈≈≈≈+
##...##≈≈≈≈#
#..∩..†≈≈≈##
#....)######
#..∩.@p....#
##...##.....
##### .....
####


You could see a human.

Vanquished Creatures
  2 humans (Bailey)
  Duvessa (D:6)
  A water moccasin (D:6)
  A black bear (D:5)
  An ogre (D:6)
  A phantom (D:6)
  A kobold brigand (D:6)
  8 bullfrogs
  2 necrophages
  A scorpion (D:5)
  4 wights (D:7)
  Dowan (D:6)
  3 vampire bats (D:4)
  A jelly (D:6)
  3 hounds
  3 orc priests
  An iguana (D:6)
  2 orc wizards
  9 adders
  A shadow imp (D:6)
  2 white imps (D:6)
  2 worms
  2 dart slugs
  12 orcs
  7 ball pythons
  5 bat zombies (D:4)
  6 endoplasms
  4 giant cockroaches
  6 goblins
  5 hobgoblins
  5 quokkas
  6 bats
  3 frilled lizards
  12 kobolds
  A rat (D:1)
125 creatures vanquished.

Notes
Turn   | Place    | Note
-------+----------+-------------------------------------------
     0 | D:1      | enile the Merfolk Gladiator began the quest for the Orb.
     0 | D:1      | Reached XP level 1. HP: 16/16 MP: 1/1
    31 | D:1      | Found a faded altar of an unknown god.
   126 | D:1      | Prayed at the altar of an unknown god.
   126 | D:1      | Became a worshipper of Cheibriados the Contemplative
   126 | D:1      | Reached * piety under Cheibriados
   481 | D:1      | Reached XP level 2. HP: 20/23 MP: 2/2
  1133 | D:2      | Identified the +5 spear "Vare Cyaco" {flame, rPois Will+}
  1217 | D:2      | Found a shadowy altar of Dithmenos.
  1229 | D:2      | Reached XP level 3. HP: 28/28 MP: 3/3
  1518 | D:2      | Reached ** piety under Cheibriados
  1906 | D:3      | Reached XP level 4. HP: 34/35 MP: 4/4
  1977 | D:3      | Reached skill level 1 in Stealth
  2449 | D:3      | Reached XP level 5. HP: 41/41 MP: 5/5
  2997 | D:4      | Reached *** piety under Cheibriados
  2998 | D:4      | Reached skill level 5 in Dodging
  3080 | D:4      | Found a runed translucent door.
  3090 | D:4      | Noticed zeratav's ghost (amateur OpVM)
  3349 | D:4      | Found a runed translucent door.
  3532 | D:4      | Reached XP level 6. HP: 36/47 MP: 6/6
  3717 | D:4      | Found an ancient bone altar of Kikubaaqudgha.
  3885 | D:5      | Entered Level 5 of the Dungeon
  4034 | D:5      | Noticed a black bear
  4044 | D:5      | Killed a black bear
  4044 | D:5      | Reached **** piety under Cheibriados
  4045 | D:5      | Reached skill level 5 in Fighting
  4045 | D:5      | Reached skill level 1 in Evocations
  4045 | D:5      | Reached XP level 7. HP: 43/56 MP: 7/7
  4145 | D:5      | Found Faled's Distillery.
  4148 | D:5      | Bought a potion of curing for 30 gold pieces
  4148 | D:5      | Bought a potion of invisibility for 80 gold pieces
  4148 | D:5      | Bought a potion of might for 40 gold pieces
  4148 | D:5      | Bought a potion of curing for 30 gold pieces
  4433 | D:5      | Found a staircase to the Ecumenical Temple.
  4701 | D:5      | Found a shimmering altar of Xom.
  4777 | D:6      | Identified the ring "Toupsoo" {Will- Str+9 Int+6}
  5075 | D:6      | Noticed Duvessa
  5077 | D:6      | Noticed Dowan
  5093 | D:6      | Killed Duvessa
  5094 | D:6      | Reached skill level 1 in Invocations
  5104 | D:6      | Killed Dowan
  5105 | D:6      | Reached XP level 8. HP: 47/62 MP: 7/9
  5559 | D:6      | Reached skill level 5 in Invocations
  6045 | D:7      | Reached skill level 5 in Throwing
  6049 | D:7      | Reached skill level 5 in Long Blades
  6154 | D:7      | Reached XP level 9. HP: 14/68 MP: 6/13
  6210 | D:7      | Found a flagged portal.
  6388 | Bailey   | Entered a bailey
  6572 | Bailey   | HP: 2/69 [human/+1 vorpal hand axe (12)]
  6572 | Bailey   | Slain by a human

Illustrated notes

Levels and vault maps discovered:
D:1:      dpeg_arrival_pits, layout_loops_corners,
          hellmonk_ecumenical_altar_leap_of_faith, serial_forest,
          infiniplex_forest_straight_3, infiniplex_forest_lined_3_way,
          infiniplex_forest_fountain, infiniplex_forest_lined_1,
          infiniplex_forest_clump_long
D:2:      layout_basic, basic_altar
D:3:      layout_basic, grunt_ministairs_13
D:4:      layout_basic, kennysheep_vampire_church, ebering_ghost_sewer_f
D:5:      layout_loops_ring, nicolae_overflow_crystal_walls,
          minmay_temple_entry_statues, serial_shops,
          nicolae_shop_hallway_stairs, kennysheep_generic_room_9
D:6:      layout_basic, uniq_duvessa
D:7:      layout_cave_pods, enter_bailey_2
Bailey:   bailey_axe_froggy_fort_hellmonk, bailey

Skill      XL: |  1  2  3  4  5  6  7  8  9 |
---------------+----------------------------+-----
Long Blades    | 4 6 |  6.0
Fighting       | 3 5 6 |  6.2
Stealth        | 2 3 |  3.0
Throwing       | 3 5 |  5.0
Dodging        | 6 7 |  7.0
Evocations     | 1 4 |  4.0
Invocations    | 2 5 7 |  7.0

Action                   |  1- 3 |  4- 6 |  7- 9 || total
-------------------------+-------+-------+-------++-------
Melee: Long sword        |    28 |       |       ||    28
       Spear             |    36 |     5 |   112 ||   153
       Falchion          |     6 |   109 |    39 ||   154
       Punch             |       |       |     2 ||     2
       Hand axe          |       |       |    13 ||    13
Throw: Javelin           |       |       |    10 ||    10
       Throwing net      |       |       |     4 ||     4
Invok: Slouch            |       |       |     2 ||     2
  Use: Scroll            |       |     2 |     3 ||     5
       Potion            |       |       |     1 ||     1
 Stab: Sleeping          |     3 |     7 |     5 ||    15
       Distracted        |       |       |     2 ||     2
       Held in net/web   |       |       |     2 ||     2
Armor: Leather armour    |    12 |    31 |    30 ||    73
Dodge: Dodged            |    42 |   152 |   127 ||   321

Table legend: (Time is in decaauts)
 A = Elapsed time spent in this place.
 B = Non-inter-level travel time spent in this place.
 C = Inter-level travel time spent in this place.
 D = Time resting spent in this place.
 E = Time spent auto-exploring this place.
 F = Levels seen in this place.
 G = Mean time per level.
                   A        B        C        D        E       F      G
               +--------+--------+--------+--------+--------+-----+--------+
         Total |   9082 |   8513 |    569 |    265 |   7157 |   8 | 1135.2 |
       Dungeon |   8890 |   8321 |    569 |    265 |   7013 |   7 | 1270.0 |
        Bailey |    191 |    191 |      0 |      0 |    143 |   1 |  191.0 |
               +--------+--------+--------+--------+--------+-----+--------+

Top non-repeatable levels by time:
     D:6: 1933 daAuts
     D:3: 1528 daAuts
     D:1: 1465 daAuts
     D:4: 1289 daAuts
     D:5: 1250 daAuts
     D:2: 1014 daAuts
     D:7: 408 daAuts
  Bailey: 191 daAuts
